 Dungeon Crawl Stone Soup version 0.24.0-13-gcf9b319 (webtiles) character file.

Game seed: 16063923502538517216, levelgen mode: deterministic

371 Fang the Skirmisher (level 6, -2/40 HPs)
             Began as a Gargoyle Berserker on Nov 21, 2019.
             Was a Believer of Trog.
             Slain by Prince Ribbit (13 damage)
             ... on level 7 of the Dungeon on Nov 22, 2019.
             The game lasted 00:04:13 (3493 turns).

Fang the Skirmisher (Gargoyle Berserker)            Turns: 3493, Time: 00:04:13

Health: -2/40      AC: 13    Str: 23    XL:     6   Next: 70%
Magic:  6/6        EV:  9    Int:  7    God:    Trog [**....]
Gold:   145        SH:  0    Dex:  9    Spells: 5/5 levels left

rFire    . . .     SeeInvis .   a - +0 war axe
rCold    . . .     Gourm    .   (no shield)
rNeg     + . .     Faith    .   b - +0 chain mail
rPois    ∞         Spirit   .   (no helmet)
rElec    +         Reflect  .   (no cloak)
rCorr    .         Harm     .   (no gloves)
MR       ++...                  (no boots)
Stlth    ..........             (no amulet)
HPRegen  1.13/turn              (no ring)
MPRegen  0.10/turn              (no ring)

@: berserk cooldown, regenerating, slowed, very slow
A: negative energy resistance 1, electricity resistance, unbreathing,
petrification resistance, rot immunity, AC +4
a: Berserk, Trog's Hand, Renounce Religion


You were on level 7 of the Dungeon.
You worshipped Trog.
Trog was pleased with you.
You were near starving.

You visited 1 branch of the dungeon, and saw 5 of its levels.

You collected 145 gold pieces.

Inventory:

Hand Weapons
 a - a +0 war axe (weapon)
Armour
 b - a +0 chain mail (worn)
Scrolls
 e - 2 scrolls of identify {unknown}
 i - a scroll of immolation {unknown}
 k - a scroll of amnesia {unknown}
 m - a scroll of remove curse {unknown}
 n - a scroll of fog {unknown}
Potions
 f - 4 potions of heal wounds {unknown}
 g - 2 potions of curing {unknown}
 h - 2 potions of haste {unknown}
 j - a potion of might {unknown}
 l - a potion of lignification {unknown}
Comestibles
 c - 3 rations


   Skills:
 + Level 4.9 Fighting
 + Level 4.0 Axes
 + Level 4.2 Armour
 + Level 3.1 Dodging


You had 5 spell levels left.
You didn't know any spells.
Your spell library was empty.

Dungeon Overview and Level Annotations

Branches:
Dungeon (4/15)
 Temple: D:4-7

Altars:
Nemelex Xobeh

Annotations:
D:7 Prince Ribbit


Innate Abilities, Weirdness & Mutations

You are resistant to torment.
Your stone body is resilient. (AC +4)
You are immune to poison.
You resist negative energy. (rN+)
You are resistant to electric shocks. (rElec)
You can survive without breathing.
You are immune to petrification.
You are immune to rotting.


Message History

You closely miss Prince Ribbit. Prince Ribbit hits you.
Prince Ribbit barely misses you. Prince Ribbit hits you!
* * * LOW HITPOINT WARNING * * *
You are too injured to fight recklessly!
You are too injured to fight recklessly!
You are too injured to fight recklessly!
You are too injured to fight recklessly!
You are too injured to fight recklessly!
You are too injured to fight recklessly!
You are too injured to fight recklessly!
You are too injured to fight recklessly!
You are too injured to fight recklessly!
You are too injured to fight recklessly!
You are too injured to fight recklessly!
Your skin crawls.
You feel resistant to hostile enchantments.
You are near starving!
Trog will no longer gift you ammunition.
Prince Ribbit hits you!
You die...

##..###.# #
#..## ##.###
# #.## #.< #
##.#####.###
# ##.#...# .
#.....###
#.......#
#.......#
#..@....#
###F..###
#...# #..##
#..# #..#
#... #.##


You could see Prince Ribbit.

Vanquished Creatures
  A scorpion (D:7)
  A hound (D:3)
  An orc priest (D:3)
  An orc wizard (D:3)
  An iguana (D:4)
  4 adders
  8 gnolls
  2 worms (D:2)
  4 dart slugs
  4 leopard geckos
  7 orcs (D:3)
  6 bats
  2 giant cockroaches
  6 goblins
  6 hobgoblins
  8 jackals (D:1)
  5 kobolds
  A quokka (D:3)
  5 frilled lizards
  6 rats
79 creatures vanquished.

Notes
Turn   | Place    | Note
-------+----------+-------------------------------------------
     0 | D:1      | Fang the Gargoyle Berserker began the quest for the Orb.
     0 | D:1      | Reached XP level 1. HP: 14/14 MP: 1/1
   247 | D:1      | Reached XP level 2. HP: 17/19 MP: 2/2
   543 | D:1      | Reached XP level 3. HP: 14/23 MP: 3/3
  1203 | D:2      | Reached ** piety under Trog
  1229 | D:2      | Reached XP level 4. HP: 16/29 MP: 4/4
  2017 | D:2      | Reached XP level 5. HP: 28/33 MP: 5/5
  2797 | D:3      | Reached XP level 6. HP: 39/39 MP: 6/6
  2853 | D:3      | Found a faded altar of an unknown god.
  2929 | D:3      | Found a sparkling altar of Nemelex Xobeh.
  3137 | D:4      | Reached *** piety under Trog
  3456 | D:4      | You fall into a shaft and drop 3 floors!
  3482 | D:7      | Noticed Prince Ribbit
  3493 | D:7      | Slain by Prince Ribbit

Levels and vault maps discovered:
D:1:      kilobyte_arrival_exit_the_forest, layout_loops_cross
D:2:      layout_basic
D:3:      layout_loops_ring, nicolae_overflow_hidden_temple,
          chequers_ecumenical_altar_lobes, first_ration, serial_glass,
          glass_columns_a, glass_columns_c, glass_columns_b, glass_columns_c,
          glass_columns_c, glass_columns_a, minivault_27
D:4:      layout_cave_pools, gammafunk_temple_overflow_claw,
          minmay_shop_damaged, grunt_ministairs_10, small_statue_intersection,
          uniq_menkaure
D:7:      gammafunk_wand_slinger, layout_loops_ring,
          regret_index_temple_of_mockery, uniq_prince_ribbit1

Skill      XL: |  1  2  3  4  5  6 |
---------------+-------------------+-----
Axes           | 3 4 |  4.0
Dodging        | 2 3 |  3.1
Armour         | 3 4 |  4.2
Fighting       | 4 |  4.9

Action                   |  1- 3 |  4- 6 || total
-------------------------+-------+-------++-------
Melee: Hand axe          |   121 |    76 ||   197
       War axe           |       |    91 ||    91
Invok: Berserk           |     1 |     4 ||     5
       Trog's Hand       |       |     1 ||     1
 Stab: Sleeping          |     1 |       ||     1
  Eat: Chunk             |     2 |    10 ||    12
Armor: Animal skin       |    52 |    27 ||    79
       Chain mail        |       |    44 ||    44
Dodge: Dodged            |   101 |   101 ||   202
